 Dungeon Crawl Stone Soup version 0.19-a0-1292-g796ee4d (webtiles) character file.

977 Leszczynek the Basher (level 8, -7/109 (111) HPs)
             Began as an Ogre Warper on Aug 30, 2016.
             Mangled by a wraith (8 damage)
             ... on level 6 of the Dungeon.
             The game lasted 00:17:50 (3392 turns).

Leszczynek the Basher (Ogre Warper)                 Turns: 3392, Time: 00:17:50

HP:   -7/109 (111)  AC:  5    Str: 27    XL:     8   Next: 17%
MP:   11/11         EV: 10    Int: 12    God:
Gold: 204           SH:  0    Dex: 11    Spells: 4 memorised, 1 level left

rFire  . . .     SeeInvis .     a - +0 flail
rCold  + . .     Gourm    .     s - +2 robe of Bulluacius {rC+ Str+8}
rNeg   . . .     Faith    .     (no shield)
rPois  +         Spirit   .     (helmet restricted)
rElec  .         Dismiss  .     (no cloak)
rCorr  .         Reflect  .     (gloves unavailable)
MR     .....     Harm     +     (boots unavailable)
Stlth  ..........               o - amulet of harm
                                w - -3 ring of strength (curse)
                                l - ring of poison resistance

@: berserking, slowed
A: unfitting armour, tough skin 1
a: no special abilities


You were on level 6 of the Dungeon.
You were hungry.

You visited 1 branch of the dungeon, and saw 6 of its levels.

You collected 204 gold pieces.

Inventory:

Hand Weapons
 a - a +0 flail (weapon)
 m - a cursed -1 hunting sling
Missiles
 e - 5 tomahawks of dispersal
 i - 6 javelins (quivered)
Armour
 s - the +2 robe of Bulluacius (worn) {rC+ Str+8}
   (You found it on level 4 of the Dungeon)

   It affects your strength (+8).
   It protects you from cold.
Jewellery
 l - a ring of poison resistance (left hand)
 o - an amulet of harm (around neck)
 w - a cursed -3 ring of strength (right hand)
 y - an uncursed amulet of rage {unknown}
Wands
 n - a wand of slowing (4/48)
Scrolls
 b - a scroll of magic mapping {unknown}
 f - a scroll of blinking
 j - 2 scrolls of recharging
 x - 2 scrolls of teleportation
Potions
 g - a potion of curing
 p - a potion of heal wounds
 q - a potion of brilliance
 t - 2 potions of agility
 v - a potion of mutation {unknown}
 z - 2 potions of invisibility
 A - a potion of lignification
Comestibles
 d - a bread ration
 h - 2 meat rations


   Skills:
 - Level 2.6 Fighting
 + Level 11.6 Maces & Flails
 - Level 1.0 Throwing
 - Level 2.1 Dodging
 - Level 1.9 Stealth
 - Level 2.4 Spellcasting
 - Level 2.1 Translocations


You had one spell level left.
You knew the following spells:

 Your Spells              Type           Power        Failure   Level  Hunger
a - Apportation           Tloc           #.........   12%         1    ##.....
b - Blink                 Tloc           N/A          17%         2    ###....
c - Portal Projectile     Tloc           #.....       34%         3    ####...
d - Passage of Golubria   Tloc           N/A          93%         4    #####..


Dungeon Overview and Level Annotations

Branches:
Dungeon (6/15)
 Temple: D:4-7

Altars:

Annotations:
D:2 exclusion: kobold
D:3 1 runed door (yiuf)
D:5 Prince Ribbit


Innate Abilities, Weirdness & Mutations

You are too large for most types of armour.
You have tough skin. (AC +1)


Message History

The wraith hits you.
* * * LOW HITPOINT WARNING * * *
The wraith drains your vigour!
You feel as though you will be slow longer.
The wraith hits you!
* * * LOW HITPOINT WARNING * * *
A red film seems to cover your vision as you go berserk!
You feel yourself moving faster!
You feel mighty! The wraith hits you but does no damage.
You hit the wraith.
The wraith is severely damaged.
The wraith barely misses you.
You hit the wraith but do no damage.
The wraith is severely damaged.
The wraith hits you!
* * * LOW HITPOINT WARNING * * *
You closely miss the wraith.
The wraith is severely damaged.
The wraith hits you!
You die...

#.........# ... #.####.##
#......#..##.....# ##.###...
#...#........ #...##..#...#
#...#.....### #.....#.#.#
###.......##### ####......#
###.##≈.......#######..(..######
#...##..##.#.......#..#........#
..####...#.#=...##....##)#####.
.## #.#.#.#.<..@W....##.#
.#####.#.#.#=##...##.....#
....##)#.#...####....###.......
###.........## ###.## #.####.#
####.#....## ..>.# #.#
#####...##..##...##.# #.#
#..............## .. ..#
##.##.#####.##...... .##.#
...##.# #.# #.#### ..


You could see a wraith.

Vanquished Creatures
  A necrophage (D:5)
  A sky beast (D:6)
  3 centaurs
  2 giant frogs (D:6)
  3 crimson imps
  A hound (D:5)
  2 orc wizards (D:4)
  2 iguanas
  A worker ant (D:4)
  A mummy (D:4)
  4 gnolls (D:4)
  6 adders
  A shadow imp (D:5)
  A dart slug (D:1)
  3 giant geckos
  5 orcs
  4 bats (D:1)
  3 giant cockroaches
  3 hobgoblins
  2 jackals (D:6)
  A quokka (D:4)
  A ball python (D:1)
  A ball python skeleton (D:4)
  A giant newt (D:4)
  6 goblins
  6 kobolds
  A kobold zombie (D:4)
  3 orc zombies (D:4)
  6 rats
75 creatures vanquished.

Notes
Turn   | Place    | Note
-------+----------+-------------------------------------------
     0 | D:1      | Leszczynek the Ogre Warper began the quest for the Orb.
     0 | D:1      | Reached XP level 1. HP: 22/22 MP: 3/3
    67 | D:1      | Reached skill level 1 in Stealth
    72 | D:1      | Reached XP level 2. HP: 13/29 MP: 5/5
   146 | D:1      | Reached skill level 3 in Maces & Flails
   489 | D:1      | Reached XP level 3. HP: 22/36 MP: 6/6
   793 | D:3      | Found a runed door.
   821 | D:3      | Reached skill level 4 in Maces & Flails
   900 | D:3      | Learned a level 2 spell: Blink
  1183 | D:4      | Reached XP level 4. HP: 14/44 MP: 7/7
  1378 | D:4      | Reached skill level 5 in Maces & Flails
  1592 | D:4      | Learned a level 4 spell: Passage of Golubria
  1804 | D:4      | Reached skill level 6 in Maces & Flails
  1804 | D:4      | Reached XP level 5. HP: 19/50 MP: 8/8
  1816 | D:4      | HP: 3/50 [orc/mace (4)]
  2076 | D:4      | Got a shimmering robe
  2087 | D:4      | Identified the +2 robe of Bulluacius {rC+ Str+8} (You found it on level 4 of the Dungeon)
  2114 | D:5      | Entered Level 5 of the Dungeon
  2114 | D:5      | Noticed Prince Ribbit
  2115 | D:5      | here? this early?
  2204 | D:4      | Reached skill level 7 in Maces & Flails
  2307 | D:4      | Reached XP level 6. HP: 45/59 MP: 9/9
  2440 | D:5      | Reached skill level 8 in Maces & Flails
  2513 | D:5      | Noticed a necrophage
  2548 | D:6      | Reached skill level 9 in Maces & Flails
  2548 | D:6      | Reached XP level 7. HP: 25/66 MP: 10/10
  2788 | D:5      | Reached skill level 10 in Maces & Flails
  3008 | D:6      | Reached skill level 11 in Maces & Flails
  3008 | D:6      | Reached XP level 8. HP: 23/73 MP: 11/11
  3325 | D:6      | Learned a level 3 spell: Portal Projectile
  3340 | D:6      | Noticed a wraith
  3391 | D:6      | HP: 1/109 [wraith (12)]
  3392 | D:6      | Mangled by a wraith

Vault maps used:
D:1:      dpeg_arrival_arbitrary_b
D:2:      overflow_temple_1_default, minmay_misc_feat_rugged
D:3:      dk_noncrumbling_4, uniq_crazy_yiuf_cottage
D:4:      minmay_wonky_spiral, first_bread, minmay_mini_ossuary
D:5:      uniq_prince_ribbit1

Skill      XL: |  1  2  3  4  5  6  7 |
---------------+----------------------+-----
Stealth        | 1 |  1.9
Maces & Flails | 3 4 6 7 9 11 | 11.6
Fighting       | |  2.6
Throwing       | |  1.0
Dodging        | |  2.1
Spellcasting   | |  2.4
Translocations | |  2.1

Action                   |  1- 3 |  4- 6 |  7- 9 || total
-------------------------+-------+-------+-------++-------
Melee: Mace              |   122 |    23 |       ||   145
       Flail             |       |    68 |    79 ||   147
       Whip              |       |    45 |       ||    45
Throw: Javelin           |       |     1 |     2 ||     3
Evoke: Wand              |       |     1 |     1 ||     2
  Use: Scroll            |     7 |     7 |       ||    14
       Potion            |     3 |     2 |     1 ||     6
 Stab: Sleeping          |     1 |       |       ||     1
  Eat: Chunk             |     1 |     3 |     3 ||     7
       Royal jelly       |       |     1 |       ||     1
       Bread ration      |       |     1 |       ||     1
Armor: Robe              |    31 |    29 |    21 ||    81
       Skin              |    10 |       |       ||    10
Dodge: Dodged            |    68 |    62 |    33 ||   163
